 Dungeon Crawl Stone Soup version 0.28.0 (webtiles) character file.

Game seed: 14836499615324328558

7128 Ajdolov the Basher (level 11, 0/65 (89) HPs)
             Began as a Gnoll Cinder Acolyte on Feb 13, 2022.
             Was a High Priest of Ignis.
             Slain by a spectral orc warlord (19 damage)
             ... summoned by Nergalle
             ... on level 9 of the Dungeon.
             The game lasted 00:20:15 (13357 turns).

Ajdolov the Basher (Gnoll Cinder Acolyte)          Turns: 13357, Time: 00:20:15

HP:   0/65 (89)     AC: 16    Str: 14    XL:     11   Next: 10%
MP:   17/21         EV: 11    Int: 23    God:    Ignis [*****.]
Gold: 491           SH:  0    Dex:  5    Spells: 21/23 levels left

rFire   + . .      SeeInvis .   x - +6 quarterstaff of Megalomania {vorpal, Int+5 Dex-2}
rCold   + . .      Faith    .   (shield currently unavailable)
rNeg    . . .      Spirit   .   B - +2 ring mail {rC+}
rPois   .          Reflect  .   (no helmet)
rElec   .          Harm     .   z - +2 cloak
rCorr   .          Rampage  .   a - +0 pair of gloves
Will    .....                   (no boots)
Stlth   ++........              (no amulet)
HPRegen 0.20/turn               i - ring of willpower
MPRegen 0.17/turn               t - +4 ring of protection

@: weak-willed, very heavily drained
A: fangs 1, strong nose, distributed training
a: Renounce Religion, Fiery Armour, Foxfire Swarm, Rising Flame


You were on level 9 of the Dungeon.
You worshipped Ignis.
Ignis was extremely pleased with you.
You visited 1 branch of the dungeon, and saw 10 of its levels.

You collected 491 gold pieces.

Inventory:

Hand Weapons
 c - a +0 mace
 x - the +6 quarterstaff of Megalomania (weapon) {vorpal, Int+5 Dex-2}
   (You found it on level 7 of the Dungeon)

   It inflicts extra damage upon your enemies.
   Int:       It affects your intelligence (+5).
   Dex:       It affects your dexterity (-2).
Armour
 a - a +0 pair of gloves (worn)
 z - a +2 cloak (worn)
 B - a +2 ring mail of cold resistance (worn)
Jewellery
 i - a ring of willpower (left hand)
 l - a ring of protection from cold
 m - a ring of wizardry
 r - a +6 ring of intelligence
 t - a +4 ring of protection (right hand)
 G - a ring of protection from cold
Wands
 y - a wand of acid (8)
 A - a wand of flame (20)
 C - a wand of charming (7)
 E - a wand of iceblast (3)
Scrolls
 d - 2 scrolls of fog
 k - 3 scrolls of noise
 n - 3 scrolls of identify
 u - a scroll of holy word {unknown}
 v - a scroll of teleportation {unknown}
 w - a scroll of fear {unknown}
 D - a scroll of magic mapping {unknown}
Potions
 e - 3 potions of haste {unknown}
 f - 2 potions of mutation {unknown}
 g - a potion of heal wounds
 j - a potion of lignification {unknown}
 q - a potion of cancellation {unknown}
 s - 3 potions of curing {unknown}
 F - a potion of might {unknown}


   Skills:
 + Level 9.0 Fighting
 + Level 6.0 Short Blades
 + Level 6.0 Long Blades
 + Level 6.0 Axes
 + Level 9.0 Maces & Flails
 + Level 6.0 Polearms
 + Level 6.0 Staves
 + Level 6.0 Slings
 + Level 6.0 Bows
 + Level 6.0 Crossbows
 + Level 6.0 Throwing
 + Level 6.0 Armour
 + Level 6.0 Dodging
 + Level 6.0 Stealth
 + Level 6.0 Shields
 + Level 6.0 Unarmed Combat
 + Level 6.6 Spellcasting
 + Level 4.9 Conjurations
 + Level 4.9 Hexes
 + Level 4.9 Summonings
 + Level 4.9 Necromancy
 + Level 4.9 Translocations
 + Level 4.9 Transmutations
 + Level 7.4 Fire Magic
 + Level 4.9 Ice Magic
 + Level 4.9 Air Magic
 + Level 4.9 Earth Magic
 + Level 4.9 Poison Magic
 + Level 6.5 Invocations
 + Level 6.0 Evocations


You had 21 spell levels left.
You knew the following spells:

 Your Spells              Type           Power      Damage    Failure   Level
a - Scorch                Fire           84%        2d9       1%          2

Your spell library contained the following spells:

 Spells                   Type           Power      Damage    Failure   Level
 Slow                     Hex            100%       N/A       1%          1
 Inner Flame              Hex/Fire       36%        N/A       3%          3
 Confusing Touch          Hex            30%        N/A       6%          3
 Dazzling Flash           Conj/Hex       60%        N/A       6%          3
 Vampiric Draining        Necr           30%        2d8       6%          3
 Cause Fear               Hex            15%        N/A       19%         4
 Iskenderun's Mystic Bla  Conj/Tloc      30%        2d8       19%         4
 Starburst                Conj/Fire      18%        6d7       87%         6
 Discord                  Hex            15%        N/A       100%        8


Dungeon Overview and Level Annotations

Branches:
Dungeon (10/15)            Temple (0/1) D:4            Lair (0/6) D:8
    Orc: D:9-12

Altars:
Ashenzari
Gozag
Vehumet

Annotations:
D:6 exclusions: door and ugly thing
D:9 Erolcha, Nergalle


Innate Abilities, Weirdness & Mutations

You have very sharp teeth.
Your uncanny sense of smell can sniff out nearby items.
Your experience applies equally to all skills.


Message History

Nergalle casts a spell at the spectral orc.
The spectral orc seems to speed up.
The spectral orc warrior closely misses you.
You feel much better.
The spectral orc warrior closely misses you.
As you read the scroll labelled PIZ RAUSOACI, it crumbles to dust.
Magic quickly surges around you.
It was a scroll of vulnerability.
The spectral orc warrior hits you but does no damage.
The spectral orc closely misses you.
The spectral orc warrior hits you with a +0 scimitar!
You feel drained.
Nergalle mutters something.
Nergalle casts a spell at you.
Orcish apparitions take form around you.
The spectral orc warrior barely misses you.
As you read the scroll labelled YDIPNY SYMOEF, it crumbles to dust.
The creatures around you are filled with an inner flame!
It was a scroll of immolation.
The spectral orc closely misses you.
The spectral orc warrior barely misses you.
The spectral orc warrior hits you but does no damage.
The spectral orc hits you with a +0 hand axe.
You feel drained.
Nergalle points at the spectral orc warrior and mumbles some strange words.
The spectral orc warrior seems to speed up.
The spectral orc warlord hits you but does no damage.
As you read the scroll labelled YNIGGO GESIAPS, it crumbles to dust.
It is a scroll of amnesia.
Really abort (and waste the scroll)?
Uppercase [Y]es or [N]o only, please.
Really abort (and waste the scroll)?
Okay, then.
The spectral orc warrior hits you with a +0 battleaxe!
You feel drained.
The spectral orc hits you but does no damage.
The spectral orc warrior misses you.
The spectral orc warrior hits you but does no damage.
The spectral orc hits you with a +0 hand axe.
* * * LOW HITPOINT WARNING * * *
The spectral orc warlord hits you with a +3 vorpal great sword!!
You die...

...#...#.......#...#.......#..#..
#(.#...#.......#.<.........#..#<.
...######..#...#...........#..#..
...........#####.......#####..#..
...........#...#.......#...#..###
############...#.......#....))...
..().......#..Z#####...#####).)..
..))........)o.ZZ..#...........<.
..............ZZ@..#.............
...............Z...#.............
#################################


You could see Nergalle (inner flame, weak-willed), a spectral orc (summoned,
fast), 3 spectral orc warriors, a spectral orc knight (summoned) and a spectral
orc warlord (summoned).

Vanquished Creatures
  2 two-headed ogres (D:9)
  Maurice (D:8)
  An unseen horror (D:6)
  A troll (D:7)
  A hornet (D:8)
  A shadow (D:10)
  2 wraiths (D:9)
  A steam dragon (D:7)
  Eustachio (D:5)
  2 water moccasins
  An orc warrior (D:6)
  2 ice beasts (D:8)
  3 black bears
  A sky beast (D:5)
  3 necrophages
  7 ogres
  2 centaurs
  2 phantoms
  3 kobold brigands
  Blork the orc (D:5)
  5 bullfrogs
  2 scorpions
  A water moccasin skeleton (D:6)
  6 killer bees (D:9)
  8 howler monkeys
  5 centaur zombies
  2 jellies
  A hound (D:6)
  A centaur skeleton (D:6)
  2 gnoll shamans (D:8)
  5 iguanas
  7 orc wizards
  A killer bee zombie (D:6)
  2 howler monkey zombies (D:8)
  3 gnolls (D:7)
  A howler monkey skeleton (D:6)
  12 adders
  A shadow imp (D:7)
  An ufetubus (D:4)
  21 orcs
  5 endoplasms
  5 giant cockroaches
  11 goblins
  7 hobgoblins
  8 jackals
  4 quokkas
  6 ball pythons
  6 bats
  3 frilled lizards
  19 kobolds
  3 rats
202 creatures vanquished.

Vanquished Creatures (others)
  2 orcs (D:7)
  2 plants (D:7)
4 creatures vanquished.

Grand Total: 206 creatures vanquished

Notes
Turn   | Place    | Note
-------+----------+-------------------------------------------
     0 | D:1      | Ajdolov the Gnoll Cinder Acolyte began the quest for the
                  | Orb.
     0 | D:1      | Reached XP level 1. HP: 23/23 MP: 4/4
   209 | D:1      | Reached XP level 2. HP: 27/29 MP: 5/5
   238 | D:1      | Learned a level 2 spell: Scorch
   810 | D:1      | Reached XP level 3. HP: 35/35 MP: 1/7
  1065 | D:1      | Found a faded altar of an unknown god.
  1067 | D:1      | Reached skill level 1 in Invocations
  1449 | D:2      | Reached skill level 1 in Short Blades
  1449 | D:2      | Reached skill level 1 in Long Blades
  1449 | D:2      | Reached skill level 1 in Axes
  1449 | D:2      | Reached skill level 1 in Polearms
  1449 | D:2      | Reached skill level 1 in Staves
  1449 | D:2      | Reached skill level 1 in Slings
  1449 | D:2      | Reached skill level 1 in Bows
  1449 | D:2      | Reached skill level 1 in Crossbows
  1449 | D:2      | Reached skill level 1 in Throwing
  1449 | D:2      | Reached skill level 1 in Armour
  1449 | D:2      | Reached skill level 1 in Dodging
  1449 | D:2      | Reached skill level 1 in Stealth
  1449 | D:2      | Reached skill level 1 in Shields
  1449 | D:2      | Reached skill level 1 in Unarmed Combat
  1449 | D:2      | Reached skill level 1 in Evocations
  1630 | D:2      | Reached XP level 4. HP: 41/41 MP: 3/8
  2778 | D:3      | Reached skill level 1 in Conjurations
  2778 | D:3      | Reached skill level 1 in Hexes
  2778 | D:3      | Reached skill level 1 in Summonings
  2778 | D:3      | Reached skill level 1 in Necromancy
  2778 | D:3      | Reached skill level 1 in Translocations
  2778 | D:3      | Reached skill level 1 in Transmutations
  2778 | D:3      | Reached skill level 1 in Ice Magic
  2778 | D:3      | Reached skill level 1 in Air Magic
  2778 | D:3      | Reached skill level 1 in Earth Magic
  2778 | D:3      | Reached skill level 1 in Poison Magic
  3284 | D:3      | Reached XP level 5. HP: 47/47 MP: 2/9
  3449 | D:3      | Identified the +1 leather armour of Delicate Fun {Contam
                  | rC+ Int-2 Dex+6}
  3630 | D:4      | Found a staircase to the Ecumenical Temple.
  3686 | D:4      | Found a radiant altar of Vehumet.
  3702 | D:4      | Noticed a necrophage
  3714 | D:4      | Killed a necrophage
  4107 | D:4      | Reached XP level 6. HP: 53/53 MP: 7/10
  4655 | D:5      | Entered Level 5 of the Dungeon
  4655 | D:5      | Noticed Blork the orc
  4667 | D:4      | Reached XP level 7. HP: 34/59 MP: 4/12
  5056 | D:5      | Killed Blork the orc
  5324 | D:5      | Reached XP level 8. HP: 67/67 MP: 7/14
  6086 | D:5      | Noticed Eustachio
  6110 | D:5      | Killed Eustachio
  7110 | D:6      | Found an opulent altar of Gozag.
  7177 | D:6      | Reached XP level 9. HP: 65/72 MP: 7/16
  7276 | D:6      | Killed an unseen horror
  7277 | D:6      | Reached skill level 5 in Spellcasting
  7470 | D:6      | Noticed a green ugly thing
  7601 | D:6      | Found a broken altar of Ashenzari.
  8930 | D:6      | Noticed a hornet
  9199 | D:7      | Reached skill level 5 in Invocations
  9449 | D:7      | Identified the +6 quarterstaff of Megalomania {vorpal,
                  | Int+5 Dex-2}
  9662 | D:7      | Noticed a troll
  9665 | D:7      | Reached XP level 10. HP: 78/80 MP: 18/18
  9800 | D:7      | You fall into a shaft and drop 3 floors!
  9800 | D:10     | Entered Level 10 of the Dungeon
  9804 | D:10     | Reached skill level 5 in Short Blades
  9804 | D:10     | Reached skill level 5 in Long Blades
  9804 | D:10     | Reached skill level 5 in Axes
  9804 | D:10     | Reached skill level 5 in Polearms
  9804 | D:10     | Reached skill level 5 in Staves
  9804 | D:10     | Reached skill level 5 in Slings
  9804 | D:10     | Reached skill level 5 in Bows
  9804 | D:10     | Reached skill level 5 in Crossbows
  9804 | D:10     | Reached skill level 5 in Throwing
  9804 | D:10     | Reached skill level 5 in Armour
  9804 | D:10     | Reached skill level 5 in Dodging
  9804 | D:10     | Reached skill level 5 in Stealth
  9804 | D:10     | Reached skill level 5 in Shields
  9804 | D:10     | Reached skill level 5 in Unarmed Combat
  9804 | D:10     | Reached skill level 5 in Evocations
 10079 | D:8      | Noticed Maurice
 10095 | D:8      | Killed Maurice
 10784 | D:8      | Found a staircase to the Lair.
 11529 | D:9      | Noticed Erolcha
 12201 | D:9      | Noticed a two-headed ogre
 12209 | D:9      | Killed a two-headed ogre
 12597 | D:9      | Noticed a two-headed ogre
 12607 | D:9      | Killed a two-headed ogre
 12608 | D:9      | Reached XP level 11. HP: 42/87 MP: 8/20
 13317 | D:10     | Noticed Nergalle
 13347 | D:9      | Identified a scroll of acquirement
 13347 | D:9      | Acquired a +4 vorpal double sword
 13348 | D:9      | HP: 1/74 [spectral orc warrior[Nergalle] (5)]
 13355 | D:9      | Noticed a spectral orc warlord
 13357 | D:9      | Slain by a spectral orc warlord

Illustrated notes

Levels and vault maps discovered:
D:1:      evilmike_arrival_hilbert_curve, layout_basic,
          shapermc_ecumenical_altar_flowoftime
D:2:      layout_basic
D:3:      layout_loops_ring
D:4:      layout_loops_ring, mainiacjoe_overflow_paths,
          minmay_temple_entry_crystal_x, grunt_decor_cap,
          kennysheep_another_room
D:5:      layout_gridville, uniq_blork_the_orc, uniq_eustachio
D:6:      minmay_chambers_of_threes, layout_loops_corners,
          mainiacjoe_overflow_alcove_1, cheibrodos_ashenzari_chains,
          serial_co_window_serial, co_window_corner_a, co_window_corner_a,
          co_window_paths_b, co_window_paths_a, co_window_corner_a,
          co_window_corner_b, co_window_corner_b, co_window_corner_ca,
          co_window_unsneaky_path_a, co_window_broadway_b, glass_columns_b,
          glass_columns_c, glass_columns_c
D:7:      layout_rooms, serial_bayou_pond_d
D:8:      layout_loops_ring, lair_entry_dummy, minmay_starry_boxes, uniq_maurice
D:9:      layout_grid_maze, uniq_erolcha
D:10:     layout_cave_pools, dancing_weapons_uskayaw,
          chequers_temple_overflow_minitemple, uniq_nergalle

Skill      XL: |  1  2  3  4  5  6  7  8  9 10 11 |
---------------+----------------------------------+-----
Invocations    | 1 2 3 4 5 6 |  6.5
Short Blades   | 1 2 3 4 5 6 |  6.0
Long Blades    | 1 2 3 4 5 6 |  6.0
Axes           | 1 2 3 4 5 6 |  6.0
Polearms       | 1 2 3 4 5 6 |  6.0
Staves         | 1 2 3 4 5 6 |  6.0
Slings         | 1 2 3 4 5 6 |  6.0
Bows           | 1 2 3 4 5 6 |  6.0
Crossbows      | 1 2 3 4 5 6 |  6.0
Throwing       | 1 2 3 4 5 6 |  6.0
Armour         | 1 2 3 4 5 6 |  6.0
Dodging        | 1 2 3 4 5 6 |  6.0
Stealth        | 1 2 3 4 5 6 |  6.0
Shields        | 1 2 3 4 5 6 |  6.0
Unarmed Combat | 1 2 3 4 5 6 |  6.0
Evocations     | 1 2 3 4 5 6 |  6.0
Spellcasting   | 3 4 5 6 |  6.6
Conjurations   | 1 2 3 4 |  4.9
Hexes          | 1 2 3 4 |  4.9
Summonings     | 1 2 3 4 |  4.9
Necromancy     | 1 2 3 4 |  4.9
Translocations | 1 2 3 4 |  4.9
Transmutations | 1 2 3 4 |  4.9
Ice Magic      | 1 2 3 4 |  4.9
Air Magic      | 1 2 3 4 |  4.9
Earth Magic    | 1 2 3 4 |  4.9
Poison Magic   | 1 2 3 4 |  4.9
Fighting       | 7 8 9 |  9.0
Maces & Flails | 7 8 9 |  9.0
Fire Magic     | 6 7 |  7.4

Action                   |  1- 3 |  4- 6 |  7- 9 | 10-12 || total
-------------------------+-------+-------+-------+-------++-------
Melee: Mace              |    38 |    77 |    91 |       ||   206
       Bite              |     5 |     7 |     8 |    12 ||    32
       Punch             |       |     1 |     3 |       ||     4
       Quarterstaff      |       |       |    11 |   116 ||   127
 Cast: Scorch            |    31 |    42 |   147 |    78 ||   298
  Use: Scroll            |       |       |       |     6 ||     6
       Potion            |       |       |       |     3 ||     3
 Stab: Sleeping          |       |       |       |     1 ||     1
Armor: Robe              |    14 |    28 |    83 |    31 ||   156
       Ring mail         |       |       |       |    96 ||    96
Dodge: Dodged            |    25 |    53 |   107 |   112 ||   297
